 Dungeon Crawl Stone Soup version 0.20-a0-751-g905781e (webtiles) character file.

548 M4edhros the Covert (level 7, -2/43 HPs)
             Began as an Octopode Artificer on Feb 25, 2017.
             Slain by an iguana (5 damage)
             ... on level 5 of the Dungeon.
             The game lasted 00:08:13 (13298 turns).

M4edhros the Covert (Octopode Artificer)           Turns: 13298, Time: 00:08:13

Health: -2/43      AC:  5    Str: 14      XL:     7   Next: 28%
Magic:  9/9        EV: 13    Int: 12 (13) God:    Xom [......]
Gold:   160        SH:  4    Dex: 14      Spells: 6/6 levels left

rFire    . . .     SeeInvis .   a - +0 short sword
rCold    . . .     Gourm    .   (no shield)
rNeg     . . .     Faith    .   (helmet restricted)
rPois    +         Spirit   .   (no amulet)
rElec    .         Reflect  .   y - ring of wizardry
rCorr    .         Harm     .   (no ring)
MR       +....                  (no ring)
Stlth    +++++.....             (no ring)
Regen    0.2/turn               (no ring)
MPRegen  0.2/turn               (no ring)
                                (no ring)
                                (no ring)

@: no status effects
A: almost no armour, stealthy swim, amphibious, 8 rings, constrict 8, tentacle
spike 1, large bone plates 1, molten scales 1, thin metallic scales 1,
camouflage 1, magic resistance 1, poison resistance, strong 1, gelatinous body 1
a: Renounce Religion


You were on level 5 of the Dungeon.
You worshipped Xom.
You were a very special plaything of Xom.
You were very hungry.

You visited 2 branches of the dungeon, and saw 6 of its levels.

You collected 160 gold pieces.

Inventory:

Hand Weapons
 a - a +0 short sword (weapon)
 n - a +0 hunting sling
 q - a +0 trident
Missiles
 o - 56 stones (quivered)
Magical Staves
 r - an uncursed staff of death
Jewellery
 y - a ring of wizardry (left tentacle)
Wands
 b - a wand of flame (0/48)
 c - a wand of enslavement (5/24)
 d - a wand of random effects (10/48)
 z - a wand of random effects (29/48)
 B - a wand of digging (15/24)
Scrolls
 e - 5 scrolls of identify
 h - 2 scrolls of blinking {unknown}
 i - a scroll of teleportation {unknown}
 l - 2 scrolls of immolation {unknown}
 u - a scroll of recharging {unknown}
 v - a scroll of magic mapping {unknown}
 w - a scroll of noise {unknown}
 x - a scroll of amnesia {unknown}
 C - a scroll of enchant weapon {unknown}
Potions
 k - a potion of cancellation {unknown}
 p - a potion of degeneration {unknown}
 s - a potion of mutation {unknown}
 t - a potion of agility {unknown}
 A - a potion of lignification
 D - a potion of brilliance {unknown}
Comestibles
 f - a bread ration
 g - a royal jelly
 j - 2 fruits
 m - 2 meat rations


   Skills:
 + Level 1.5 Fighting
 - Level 1.0 Short Blades
 * Level 3.6 Slings
 + Level 2.2 Dodging
 + Level 8.9 Stealth
 - Level 3.2 Evocations


You had 6 spell levels left.
You didn't know any spells.

Dungeon Overview and Level Annotations

Branches:
Dungeon (5/15)             Temple (1/1) D:4

Altars:
Ashenzari
Cheibriados
Dithmenos
Elyvilon
Fedhas
Gozag
Hepliaklqana
Kikubaaqudgha
Nemelex Xobeh
Okawaru
Qazlal
Sif Muna
Trog
Uskayaw
Vehumet
Wu Jian
Xom
The Shining One

Annotations:
D:3 1 runed door


Innate Abilities, Weirdness & Mutations

You cannot wear most types of armour.
You are very stealthy in the water. (Stealth+)
You are amphibious.
You can wear up to eight rings at the same time.
You can use your tentacles to constrict eight enemies at once.
Your skin changes colour to match your surroundings (Stealth+).
Your rubbery body absorbs attacks. (AC +1, EV +1)
One of your tentacles bears a spike.
You are partially covered in large bone plates. (SH +4)
You are partially covered in molten scales. (AC +2)
You are partially covered in thin metallic scales. (AC +2)
You are resistant to hostile enchantments. (MR+)
Your system is resistant to poisons. (rPois)
Your muscles are strong. (Str +2)


Message History

D - an amethyst potion The iguana closely misses you.
You see here 15 stones.
Evoke which item? (* to show all) (? for menu, Esc to quit)
Aiming: Random Effects
Press: ? - help, Shift-Dir - straight line, f/p - iguana
Aim: an iguana The mass of ice explodes!
The iceblast engulfs the iguana.
The iguana is almost dead.
The iceblast engulfs you!
* * * LOW HITPOINT WARNING * * *
This wand has 11 charges left.
The iguana bites you.
* * * LOW HITPOINT WARNING * * *
Evoke which item? (* to show all) (? for menu, Esc to quit)
Aiming: Random Effects
Press: ? - help, Shift-Dir - straight line, f/p - iguana
Aim: an iguana (severely wounded)
The iguana seems to speed up.
This wand has 10 charges left.
The iguana bites you.
You die...

................
...####...######
. #..'...+
#..#...######
#####........#
##...##..÷....#
##...$..#......#
#..⌠.⌠..#......#
+..@l.†.+......#
#..⌠.⌠.##..<...#
##.....##......#
##...#........#
#####........#
..... #####


You could see an iguana.

Vanquished Creatures
  Sigmund (D:3)
  A boggart (D:2)
  An ogre (D:4)
  3 gnolls (D:4)
  A hound (D:3)
  An orc priest (D:4)
  An iguana (D:4)
  4 adders
  An adder zombie (D:5)
  A worm (D:2)
  2 dart slugs
  7 leopard geckos
  9 orcs
  5 bats
  3 giant cockroaches
  6 goblins
  7 hobgoblins
  10 jackals
  3 kobolds
  2 quokkas
  2 ball pythons (D:3)
  8 frilled lizards
  A quokka skeleton (D:5)
  5 rats
85 creatures vanquished.

Vanquished Creatures (collateral kills)
  An adder (D:5)
  A gnoll (D:4)
  A dart slug (D:4)
  The ghost of M4edhros the Charlatan, a weakling OpAr (D:3)
  A hobgoblin (D:3)
  A kobold (D:3)
6 creatures vanquished.

Vanquished Creatures (others)
  5 dream sheep (D:3)
  The ghost of M4edhros the Sneak, an amateur OpAr (D:4)
6 creatures vanquished.

Grand Total: 97 creatures vanquished

Notes
Turn   | Place    | Note
-------+----------+-------------------------------------------
     0 | D:1      | M4edhros the Octopode Artificer began the quest for the Orb.
     0 | D:1      | Reached XP level 1. HP: 13/13 MP: 3/3
   283 | D:3      | Noticed Sigmund
   293 | D:3      | Reached skill level 2 in Stealth
   306 | D:3      | Killed M4edhros's ghost
   501 | D:3      | Reached XP level 2. HP: 13/18 MP: 4/4
   508 | D:3      | Killed Sigmund
   508 | D:3      | Reached skill level 6 in Stealth
   508 | D:3      | Reached XP level 3. HP: 9/23 MP: 5/5
   508 | D:3      | Reached XP level 4. HP: 11/28 MP: 6/6
   567 | D:3      | Found a runed door.
   606 | D:3      | Found a shimmering altar of Xom.
   606 | D:3      | Noticed a dream sheep
   606 | D:3      | Noticed a dream sheep
   606 | D:3      | Noticed a dream sheep
   606 | D:3      | Noticed a dream sheep
   606 | D:3      | Noticed a dream sheep
   612 | D:3      | Killed a dream sheep
   612 | D:3      | Killed a dream sheep
   612 | D:3      | Killed a dream sheep
   612 | D:3      | Killed a dream sheep
   612 | D:3      | Killed a dream sheep
   620 | D:3      | Became a worshipper of Xom the Capricious
  1271 | D:3      | XOM: silly message
  2093 | D:3      | XOM is BORED!
  2251 | D:3      | Reached XP level 5. HP: 2/33 MP: 7/7
  3117 | D:3      | Reached skill level 7 in Stealth
  3164 | D:3      | XOM: scenery: create altars
  3423 | D:3      | XOM: polymorph jackal -> kobold
  3624 | D:3      | XOM: 2-stop teleportation journey
  3655 | D:3      | XOM: scenery: create altars
  4375 | D:3      | XOM is BORED!
  4955 | D:3      | XOM: give mutations
  4955 | D:3      | Gained mutation: You are resistant to hostile enchantments. (MR+) [Xom's grace]
  4955 | D:3      | Gained mutation: One of your tentacles bears a spike. [Xom's grace]
  5017 | D:3      | XOM: divination: detect items
  5337 | D:3      | XOM: give mutations
  5337 | D:3      | Gained mutation: You are partially covered in thin metallic scales. (AC +2) [Xom's grace]
  5337 | D:3      | Gained mutation: Your system is resistant to poisons. (rPois) [Xom's grace]
  5337 | D:3      | Gained mutation: You are partially covered in large bone plates. (SH +4) [Xom's grace]
  5527 | D:3      | Noticed a hornet
  5555 | D:3      | XOM: scenery: create altars
  5768 | D:2      | XOM: 4-stop teleportation journey
  5778 | D:2      | XOM: god gift: thin runed staff {god gift}
  6453 | D:2      | XOM: cloud trail
  7850 | D:2      | XOM: cast spell 'Cause Fear'
  7870 | D:2      | Reached skill level 8 in Stealth
  8182 | D:2      | XOM: 3-stop teleportation journey
  8325 | D:2      | XOM: divination: detect creatures
  8420 | D:2      | Reached skill level 1 in Slings
  8429 | D:2      | Reached XP level 6. HP: 35/38 MP: 8/8
  8768 | D:2      | XOM: scenery: create altars
  8875 | D:2      | XOM: divination: detect items
  8899 | D:2      | XOM: medium Tmut miscast
  8993 | D:2      | XOM: summons 3 hostile demons
  9999 | D:2      | XOM is BORED!
  9999 | D:2      | XOM: severe Divn miscast
 10235 | D:2      | XOM: give mutations
 10235 | D:2      | Gained mutation: You are partially covered in molten scales. (AC +2) [Xom's grace]
 10235 | D:2      | Gained mutation: Your muscles are strong. (Str +2) [Xom's grace]
 10774 | D:4      | XOM: harmless Ice miscast
 10968 | D:4      | Noticed M4edhros's ghost (amateur OpAr)
 10984 | D:4      | Found a staircase to the Ecumenical Temple.
 11005 | D:4      | Your ally M4edhros died
 11009 | D:4      | Reached XP level 7. HP: 43/43 MP: 9/9
 11088 | Temple   | Entered the Ecumenical Temple
 11527 | Temple   | XOM: 1-stop teleportation journey
 12706 | Temple   | XOM: summons 3 hostile demons
 12811 | Temple   | XOM: mild Conj miscast
 13025 | Temple   | XOM: stat loss: -1 Int (12/13)
 13117 | D:4      | Found a snail-covered altar of Cheibriados.
 13135 | D:4      | XOM: summons 2 hostile shadow creatures
 13150 | D:4      | XOM: noise
 13151 | D:4      | XOM: noise
 13161 | D:5      | Entered Level 5 of the Dungeon
 13212 | D:5      | Found a bloodstained altar of Trog.
 13298 | D:5      | Slain by an iguana

Vault maps used:
D:1:      dpeg_arrival_signposts, roderic_serpentine_path
D:2:      kennysheep_pointless_box, minmay_bisected
D:3:      kb_xom_exploding_sheep, first_bread, kennysheep_generic_room_12,
          uniq_crazy_yiuf_cottage, uniq_sigmund, uniq_natasha
D:4:      kennysheep_slug_shrine, minmay_temple_entry_glass
D:5:      kennysheep_mini_moat, enter_ossuary_2, kennysheep_small_circle
Temple:   nicolae_temple_elliptical

Skill      XL: |  1  2  3  4  5  6 |
---------------+-------------------+-----
Stealth        | 2 6 8 |  8.9
Slings         | 1 3 |  3.6
Fighting       | |  1.5
Short Blades   | |  1.0
Dodging        | |  2.2
Evocations     | |  3.2

Action                   |  1- 3 |  4- 6 |  7- 9 || total
-------------------------+-------+-------+-------++-------
Melee: Short sword       |     7 |   176 |    70 ||   253
       Constrict         |     2 |    45 |    14 ||    61
       Tentacles         |     2 |    32 |    18 ||    52
       Kick              |       |    32 |    24 ||    56
Evoke: Wand              |     3 |    12 |    15 ||    30
  Use: Scroll            |       |       |     1 ||     1
       Potion            |       |       |     1 ||     1
 Stab: Sleeping          |     2 |     5 |       ||     7
  Eat: Chunk             |       |    30 |     2 ||    32
       Bread ration      |       |       |     1 ||     1
Armor: Skin              |       |    28 |    10 ||    38
Dodge: Dodged            |     3 |   107 |    40 ||   150
Block: Other             |       |    20 |    14 ||    34
